 Dungeon Crawl Stone Soup version 0.16-a0-3253-g5709529 (webtiles) character file.

74 Chiseanne the Magician (level 4, 0/30 HPs)
             Began as a Demonspawn Wizard on Dec 23, 2014.
             Killed by divine providence
             ... invoked by an orc priest
              (16 damage)
             ... on level 3 of the Dungeon.
             The game lasted 00:03:53 (2877 turns).

Chiseanne the Magician (Demonspawn Wizard)          Turns: 2877, Time: 00:03:54

Health: 0/30       AC:  6    Str:  7    XL:     4   Next: 9%
Magic:  6/11       EV: 14    Int: 20    God:
Gold:   92         SH:  0    Dex: 12    Spells: 1 memorised, 10 levels left

rFire  . . .     SeeInvis .     e - +0 hand axe
rCold  . . .     Clarity  .     g - +0 leather armour
rNeg   . . .     SustAb   .     (no shield)
rPois  .         Gourm    .     b - +0 hat
rElec  .         Spirit   .     (no cloak)
rCorr  .         Warding  .     (no gloves)
rMut   .         Stasis   .     u - +2 pair of boots {run}
MR     .....                    (no amulet)
Stlth  ++........               (no ring)
                                (no ring)

@: quick, not resistant to hostile enchantments, unstealthy
A: repulsion field 2, powered by death 1
a: no special abilities


You were on level 3 of the Dungeon.
You were hungry.

You visited 1 branch of the dungeon, and saw 3 of its levels.

You collected 92 gold pieces.

Inventory:

Hand weapons
 e - a +0 hand axe (weapon)
Missiles
 r - 6 needles of sleeping
Armour
 b - a +0 hat (worn)
 g - a +0 leather armour (worn)
 u - a +2 pair of boots of running (worn)
Scrolls
 a - a scroll of teleportation {unknown}
 h - a scroll of amnesia {unknown}
 i - a scroll of enchant weapon {unknown}
 j - a scroll of fear {unknown}
 m - 2 scrolls of identify {unknown}
 n - 2 scrolls of immolation {unknown}
 o - a scroll of remove curse {unknown}
Potions
 k - a potion of lignification {unknown}
 l - a potion of agility {unknown}
 p - 2 potions of haste {unknown}
 q - 2 potions of curing {unknown}
 s - a potion of restore abilities {unknown}
Books
 c - a book of Minor Magic

   Spells                             Type                      Level
   a - Magic Dart                     Conjuration                  1
   b - Blink                          Translocation                2
   c - Call Imp                       Summoning                    2
   d - Repel Missiles                 Charms/Air                   2
   e - Slow                           Hexes                        2
   f - Conjure Flame                  Conjuration/Fire             3
   g - Mephitic Cloud                 Conjuration/Poison/Air       3
Comestibles
 d - a bread ration
 f - 2 beef jerkies
 t - a meat ration


   Skills:
 * Level 1.9 Dodging
 - Level 1.7 Stealth
 * Level 4.2 Spellcasting
 * Level 2.0 Conjurations
   Level 1.0 Summonings
   Level 0.8 Translocations


You had 10 spell levels left.
You knew the following spells:

 Your Spells              Type           Power        Failure   Level  Hunger
a - Magic Dart            Conj           ##..         6%          1    None


Dungeon Overview and Level Annotations

Branches:
Dungeon (3/15)

Altars:
Ru
Xom


Innate Abilities, Weirdness & Mutations

You are surrounded by a moderate repulsion field (EV +3).
You can steal the life force of nearby defeated enemies.


Message History

Casting: Magic Dart
Confirm with . or Enter, or press ? or * to list all spells.
Aiming: Magic Dart
Press: ? - help, Shift-Dir - straight line, f/p - orc
Aim: an orc, wielding a dagger and wearing a leather armour (severely wounded)
The magic dart hits the orc.
The orc is severely wounded.
Casting: Magic Dart
Confirm with . or Enter, or press ? or * to list all spells.
Aiming: Magic Dart
Press: ? - help, Shift-Dir - straight line, f/p - orc
Aim: an orc, wielding a dagger and wearing a leather armour (severely wounded)
The magic dart hits the orc.
You kill the orc!
The orc priest calls down the wrath of Beogh upon you.
Something smites you!
The orc priest mumbles some strange prayers to Beogh against you.
Something smites you!
Ouch! That really hurt!
You die...

######### ##.......##
#......$..# .# . #.@.....#
.# #. ##.###### .# .## #.
#o# .# #...# #.##.# .# #...#
#....### .# #...# ####o..#
.# #...# #..#.# ####### .##
#...# ###.##.# ##.....##
..##
#..#####...##.####..###..###


You could see an orc priest and an orc.

Vanquished Creatures
  2 adders (D:2)
  2 giant mites
  A worm (D:2)
  A giant gecko (D:1)
  An orc (D:3)
  A ball python (D:2)
  5 giant cockroaches
  6 goblins
  4 hobgoblins
  2 bats (D:2)
  A giant newt (D:1)
  5 kobolds
  2 quokkas (D:2)
  4 rats
37 creatures vanquished.

Notes
Turn   | Place    | Note
--------------------------------------------------------------
     0 | D:1      | Chiseanne, the Demonspawn Wizard, began the quest for the Orb.
     0 | D:1      | Reached XP level 1. HP: 13/13 MP: 4/4
   231 | D:1      | Gained mutation: You are surrounded by a mild repulsion field (EV +2). [demonic ancestry]
   231 | D:1      | Reached XP level 2. HP: 5/19 MP: 0/6
  1314 | D:2      | Gained mutation: You are surrounded by a moderate repulsion field (EV +3). [demonic ancestry]
  1314 | D:2      | Reached XP level 3. HP: 22/24 MP: 1/8
  1467 | D:2      | Reached skill level 4 in Spellcasting
  2464 | D:2      | Identified a +2 pair of boots of running (You found it on level 2 of the Dungeon)
  2498 | D:2      | Found a sacrificial altar of Ru.
  2498 | D:2      | Found a shimmering altar of Xom.
  2528 | D:2      | Gained mutation: You can steal the life force of nearby defeated enemies. [demonic ancestry]
  2528 | D:2      | Reached XP level 4. HP: 26/30 MP: 6/11
  2877 | D:3      | Killed from afar by an orc priest

Action                   |  1- 3 |  4- 6 || total
-------------------------+-------+-------++-------
Melee: Hand axe          |    29 |       ||    29
 Cast: Magic Dart        |   100 |    17 ||   117
  Eat: Chunk             |     5 |       ||     5
